 Dungeon Sprint DCSS version 0.29.1-2-gbd0b4ee654 (webtiles) character file.

Game seed: 16614553560018015759

5978 boopmooplesden the Fencer (level 10, -6/107 HPs)
             Began as a Minotaur Berserker on Nov 27, 2022.
             Was the Champion of Trog.
             Mangled by a tarantella (12 damage)
             ... in the Dungeon (Sprint VII: "The Pits").
             The game lasted 00:04:22 (2147 turns).

boopmooplesden the Fencer (Minotaur Berserker)      Turns: 2147, Time: 00:04:23

Health: -6/107     AC: 21    Str: 25    XL:     10   Next: 55%
Magic:  3/3        EV: 10    Int:  4    God:    Trog [******]
Gold:   0          SH:  0    Dex: 11    Spells: 9/9 levels left

rFire   . . .      SeeInvis .   u - +2 triple sword (antimagic)
rCold   . . .      Faith    .   (shield currently unavailable)
rNeg    . . .      Spirit   .   r - +3 plate armour
rPois   .          Reflect  .   (helmet restricted)
rElec   .          Harm     .   s - +0 cloak
rCorr   .          Rampage  .   (no gloves)
Will    .....      NoTele   +   (no boots)
Stlth   ..........              (no amulet)
HPRegen 0.27/turn               (no ring)
MPRegen 0.08/turn               (no ring)

@: confused, on berserk cooldown, slowed, unable to read, very slow
A: horns 2, retaliatory headbutt, wild magic 1, inability to read after injury 1
a: Renounce Religion, Berserk, Trog's Hand, Brothers in Arms


You were in the Dungeon.
You worshipped Trog.
Trog was exalted by your worship.
You visited 1 branch

Inventory:

Hand Weapons
 a - a +0 falchion
 i - a +2 falchion
 l - a +0 long sword of holy wrath
 n - a +0 great sword of flaming
 t - a +2 scimitar of holy wrath
 u - a +2 antimagic triple sword (weapon)
Armour
 b - a +0 animal skin
 m - a +3 chain mail
 r - a +3 plate armour (worn)
 s - a +0 cloak (worn)
Jewellery
 o - a +3 ring of dexterity
 p - a +3 ring of protection
Scrolls
 h - a scroll of blinking
 k - a scroll of summoning
Potions
 c - 4 potions of curing
 d - 10 potions of heal wounds
 e - 4 potions of haste
 f - 4 potions of magic
 g - 5 potions of berserk rage
 j - 2 potions of invisibility
 q - a potion of might


   Skills:
 + Level 15.6 Fighting
 + Level 20.1 Long Blades
 + Level 14.4 Armour
 + Level 7.9 Dodging
 + Level 1.0 Stealth


You had 9 spell levels left.
You didn't know any spells.
Your spell library was empty.

Dungeon Overview and Level Annotations

Branches:
Dungeon (1/1)

Altars:


Innate Abilities, Weirdness & Mutations

You have a pair of horns on your head.
You reflexively headbutt those who attack you in melee.
Your spells are a little harder to cast, but a little more powerful.
You occasionally lose the ability to read scrolls when taking damage.


Message History

The tarantella touches you but does no damage.
You barely miss the small abomination. You headbutt the small abomination.
The small abomination is lightly damaged.
The small abomination closely misses you.
The two-headed ogre hits you with a +0 giant club!
The two-headed ogre closely misses you. The tarantella touches you.
You are confused.
You closely miss the two-headed ogre. The small abomination hits you!
The tarantella barely misses you.
You slash the small abomination! You headbutt the small abomination.
The small abomination is heavily damaged.
The small abomination hits you!
The two-headed ogre hits you with a +0 giant club!!
You feel threatened and lose the ability to read scrolls!
* * * LOW HITPOINT WARNING * * *
The two-headed ogre hits you but does no damage.
The tarantella completely misses you.
Things that are here:
a +0 great sword; a +0 robe You slice the two-headed ogre!!
You headbutt the two-headed ogre!
The two-headed ogre is heavily wounded.
You bump into the metal wall.
The tarantella barely misses you. The two-headed ogre closely misses you.
The two-headed ogre barely misses you.
The small abomination hits you but does no damage.
You bump into the metal wall.
You feel a strong urge to attack something.
You are no longer berserk.
You are exhausted.
You feel yourself slow down. The tarantella closely misses you.
The small abomination hits you but does no damage.
You barely miss the small abomination.
The small abomination is heavily damaged.
The tarantella closely misses you.
The small abomination hits you but does no damage.
The two-headed ogre hits you with a +0 giant club.
* * * LOW HITPOINT WARNING * * *
The two-headed ogre hits you with a +0 giant club!
* * * LOW HITPOINT WARNING * * *
The tarantella touches you!
You die...

.......# ')######
')##### #### ######
......+..+...### .....
......+..+.....## ....
.....##..##.....##
s..#
...###....###..).#
.k.#
..##........###[###..#
''#)..#..#...#))@O#..#
..)..........)÷÷xs'..+
''#...#..#...#÷.g.#..#
÷)##........###.###..#
...###....###....#
...#
.....##.)##.....##
Ox.# #.....)..+.....##
.... ###...'..+...##
..... ###########
######


You could see a two-headed ogre, a tarantella, a small abomination and a gnoll.

Vanquished Creatures
  A spriggan druid (D)
  A deep elf zephyrmancer (D)
  A black mamba (D)
  A cane toad (D)
  Psyche (D)
  2 komodo dragons (D)
  A freezing wraith (D)
  2 guardian mummies (D)
  6 dream sheep (D)
  A wind drake (D)
  A hornet (D)
  A flying skull (D)
  A wraith (D)
  A warg (D)
  An acid dragon (D)
  A water moccasin (D)
  A wolf (D)
  2 centaurs (D)
  A phantom (D)
  A kobold brigand (D)
  5 wights (D)
  A hound (D)
  A jelly (D)
  An iguana (D)
  2 orc wizards (D)
  A hell rat (D)
  A mummy (D)
  2 adders (D)
  A river rat (D)
  2 ufetubi (D)
  3 orcs (D)
  A ball python (D)
  An endoplasm (D)
  A giant cockroach (D)
  A goblin (D)
  5 jackals (D)
  A quokka (D)
58 creatures vanquished.

Notes
Turn   | Place    | Note
-------+----------+-------------------------------------------
     0 | D        | boopmooplesden the Minotaur Berserker began the quest for
                  | the Orb.
     0 | D        | Reached XP level 1. HP: 19/19 MP: 0/0
    11 | D        | Reached skill level 4 in Long Blades
    45 | D        | Reached ** piety under Trog
    46 | D        | Reached XP level 2. HP: 18/28 MP: 1/1
   161 | D        | Reached skill level 5 in Fighting
   161 | D        | Reached skill level 5 in Long Blades
   367 | D        | Noticed a centaur
   372 | D        | Killed a centaur
   372 | D        | Reached *** piety under Trog
   373 | D        | Reached skill level 7 in Long Blades
   373 | D        | Reached XP level 3. HP: 39/39 MP: 2/2
   373 | D        | Reached XP level 4. HP: 47/47 MP: 3/3
   375 | D        | Reached skill level 8 in Long Blades
   438 | D        | Noticed a flying skull
   438 | D        | Noticed a water moccasin
   444 | D        | Reached **** piety under Trog
   445 | D        | Reached XP level 5. HP: 53/53 MP: 4/4
   449 | D        | Killed a flying skull
   450 | D        | Reached skill level 10 in Long Blades
   450 | D        | Reached skill level 5 in Armour
   450 | D        | Reached skill level 5 in Dodging
   450 | D        | Reached XP level 6. HP: 66/66 MP: 5/5
   455 | D        | Reached skill level 10 in Fighting
   458 | D        | Reached skill level 11 in Long Blades
   459 | D        | Reached ***** piety under Trog
   461 | D        | Killed a water moccasin
   465 | D        | Reached skill level 12 in Long Blades
   525 | D        | Reached XP level 7. HP: 66/74 MP: 6/6
   534 | D        | Received a gift from Trog
   683 | D        | Reached skill level 13 in Long Blades
   951 | D        | Gained mutation: Your flesh is heat resistant. (rF+)
                  | [potion of mutation]
   951 | D        | Gained mutation: Your spells are a little harder to cast,
                  | but a little more powerful. [potion of mutation]
   952 | D        | Lost mutation: Your flesh is heat resistant. (rF+) [potion
                  | of mutation]
   952 | D        | Lost mutation: Your spells are a little harder to cast, but
                  | a little more powerful. [potion of mutation]
   952 | D        | Gained mutation: You occasionally lose the ability to read
                  | scrolls when taking damage. [potion of mutation]
   952 | D        | Gained mutation: Your spells are a little harder to cast,
                  | but a little more powerful. [potion of mutation]
  1033 | D        | Noticed a spriggan druid
  1039 | D        | Killed a spriggan druid
  1039 | D        | Received a gift from Trog
  1040 | D        | Reached skill level 14 in Long Blades
  1040 | D        | Reached XP level 8. HP: 85/85 MP: 7/7
  1116 | D        | Noticed a black mamba
  1117 | D        | Noticed a guardian mummy
  1120 | D        | Killed a black mamba
  1121 | D        | Reached skill level 15 in Long Blades
  1121 | D        | Noticed a deep elf zephyrmancer
  1124 | D        | Killed a deep elf zephyrmancer
  1124 | D        | Reached ****** piety under Trog
  1125 | D        | Reached skill level 16 in Long Blades
  1125 | D        | Reached XP level 9. HP: 94/94 MP: 8/8
  1130 | D        | Killed a guardian mummy
  1131 | D        | Reached skill level 10 in Armour
  1161 | D        | Noticed a guardian mummy
  1172 | D        | Killed a guardian mummy
  1172 | D        | Received a gift from Trog
  1173 | D        | Reached skill level 17 in Long Blades
  1420 | D        | Noticed a cane toad
  1435 | D        | Killed a cane toad
  1686 | D        | Noticed a komodo dragon
  1686 | D        | Noticed Psyche
  1696 | D        | Killed a komodo dragon
  1696 | D        | Received a gift from Trog
  1697 | D        | Reached skill level 18 in Long Blades
  1719 | D        | Killed Psyche
  1755 | D        | Reached XP level 10. HP: 98/104 MP: 3/9
  1758 | D        | Received a gift from Trog
  1759 | D        | Reached skill level 15 in Fighting
  1759 | D        | Reached skill level 19 in Long Blades
  1784 | D        | Received a gift from Trog
  1793 | D        | Reached skill level 1 in Stealth
  2124 | D        | Noticed a two-headed ogre
  2130 | D        | Paralysed by a hornet for 1 turns
  2136 | D        | Reached skill level 20 in Long Blades
  2136 | D        | Received a gift from Trog
  2147 | D        | Mangled by a tarantella

Illustrated notes

Levels and vault maps discovered:
D:        pitsprint [storerooms_1, entrance_room_1, metal_vault_4, armoury_1,
          mini_pit_1, grid_room_1, main_hall_1, silver_pit, the_coven_2,
          the_vestibule_1, steel_vault_5, golden_pit, hallway_of_sentries,
          crystal_vault_4, iron_vault_2, final_vault]

Skill      XL: |  1  2  3  4  5  6  7  8  9 10 |
---------------+-------------------------------+-----
Fighting       | 4 7 8 9 11 12 13 14 15 | 15.6
Long Blades    | 4 7 8 10 12 14 16 18 20 | 20.1
Armour         | 4 5 6 8 9 12 14 | 14.4
Dodging        | 4 5 6 7 |  7.9
Stealth        | 1 |  1.0

Action                   |  1- 3 |  4- 6 |  7- 9 | 10-12 || total
-------------------------+-------+-------+-------+-------++-------
Melee: Falchion          |    16 |     4 |       |       ||    20
       Headbutt          |     3 |     2 |    13 |     8 ||    26
       Long sword        |       |    28 |     9 |       ||    37
       Punch             |       |     1 |       |       ||     1
       Great sword       |       |       |    44 |       ||    44
       Triple sword      |       |       |    21 |    47 ||    68
Invok: Berserk           |     1 |     1 |     5 |     2 ||     9
  Use: Potion            |     1 |       |     3 |       ||     4
Armor: Animal skin       |     1 |       |       |       ||     1
       Chain mail        |       |     8 |     9 |       ||    17
       Plate armour      |       |       |    21 |    34 ||    55
Dodge: Dodged            |    14 |     4 |    38 |    36 ||    92
